 Dungeon Crawl Stone Soup version 0.28.0 (webtiles) character file.

Game seed: 912473001455000961

24 HallandMoats the Poker (level 2, -1/27 HPs)
             Began as a Minotaur Monk on Feb 7, 2022.
             Was a Believer of Trog.
             Slain by a gnoll (8 damage)
             ... on level 1 of the Dungeon.
             The game lasted 00:00:51 (628 turns).

HallandMoats the Poker (Minotaur Monk)               Turns: 628, Time: 00:00:51

Health: -1/27      AC:  2    Str: 15    XL:     2   Next: 79%
Magic:  1/1        EV: 13    Int:  7    God:    Trog [**....]
Gold:   16         SH:  0    Dex: 12    Spells: 1/1 levels left

rFire   . . .      SeeInvis .   a - +0 spear
rCold   . . .      Faith    .   (no shield)
rNeg    . . .      Spirit   .   b - +0 robe
rPois   .          Reflect  .   (helmet restricted)
rElec   .          Harm     .   (no cloak)
rCorr   .          Rampage  .   (no gloves)
Will    .....                   (no boots)
Stlth   ++........              (no amulet)
HPRegen 0.09/turn               (no ring)
MPRegen 0.07/turn               (no ring)

@: no status effects
A: horns 2, retaliatory headbutt
a: Renounce Religion, Berserk, Trog's Hand


You were on level 1 of the Dungeon.
You worshipped Trog.
Trog was pleased with you.
You visited 1 branch of the dungeon, and saw 1 of its levels.

You collected 16 gold pieces.

Inventory:

Hand Weapons
 a - a +0 spear (weapon)
Armour
 b - a +0 robe (worn)
Scrolls
 c - a scroll of enchant armour {unknown}
 d - a scroll of holy word {unknown}


   Skills:
 + Level 3.9 Fighting
 + Level 3.9 Polearms
 + Level 0.9 Armour
 + Level 3.5 Dodging
 - Level 1.5 Stealth
 + Level 1.0 Shields
 + Level 0.6 Invocations


You had one spell level left.
You didn't know any spells.
Your spell library was empty.

Dungeon Overview and Level Annotations

Branches:
Dungeon (1/15)

Altars:
Trog


Innate Abilities, Weirdness & Mutations

You have a pair of horns on your head.
You reflexively headbutt those who attack you in melee.


Message History

You are too injured to fight recklessly!
You are too injured to fight recklessly!
You are too injured to fight recklessly!
You are too injured to fight recklessly!
You are too injured to fight recklessly!
You are too injured to fight recklessly!
You are too injured to fight recklessly!
You are too injured to fight recklessly!
You are too injured to fight recklessly!
You are too injured to fight recklessly!
You are too injured to fight recklessly!
You are too injured to fight recklessly!
You are too injured to fight recklessly!
You are too injured to fight recklessly!
You are too injured to fight recklessly!
You are too injured to fight recklessly!
You are too injured to fight recklessly!
You are too injured to fight recklessly!
You are too injured to fight recklessly!
You are too injured to fight recklessly!
You are too injured to fight recklessly!
Reach: a) +0 spear
Press: ? - help, Dir - move target, f/p - gnoll
Aim: a gnoll, wielding a +0 spear (almost dead, about 35% to evade your +0 spear)
You reach to attack!
You hit the gnoll but do no damage.
The gnoll is almost dead.
Reach: a) +0 spear
Press: ? - help, Dir - move target, f/p - gnoll
Aim: a gnoll, wielding a +0 spear (almost dead, about 35% to evade your +0 spear)
You reach to attack!
You hit the gnoll.
The gnoll is almost dead.
The gnoll hits you from afar with a +0 spear.
* * * LOW HITPOINT WARNING * * *
Reach: a) +0 spear
Press: ? - help, Dir - move target, f/p - gnoll
Aim: a gnoll, wielding a +0 spear (almost dead, about 35% to evade your +0 spear)
You reach to attack!
You hit the gnoll but do no damage.
The gnoll is almost dead.
The gnoll hits you from afar with a +0 spear!
You die...

###################
#.@................
#.#########.....###
#g #........ #r
#....#..† #.
######### #.
#########8### #.
#.#...##...## ..
#8^...#..8...
#_.##...##...


You could see a gnoll and a quokka.

Vanquished Creatures
  A dart slug (D:1)
  A giant cockroach (D:1)
  A goblin (D:1)
  3 hobgoblins (D:1)
  3 jackals (D:1)
  A kobold (D:1)
  A quokka (D:1)
  3 ball pythons (D:1)
  4 bats (D:1)
  A rat (D:1)
19 creatures vanquished.

Notes
Turn   | Place    | Note
-------+----------+-------------------------------------------
     0 | D:1      | HallandMoats the Minotaur Monk began the quest for the Orb.
     0 | D:1      | Reached XP level 1. HP: 19/19 MP: 0/0
   137 | D:1      | Reached XP level 2. HP: 27/27 MP: 1/1
   443 | D:1      | Reached skill level 1 in Shields
   554 | D:1      | Found a faded altar of an unknown god.
   587 | D:1      | Prayed at the altar of an unknown god.
   587 | D:1      | Became a worshipper of Trog the Wrathful
   587 | D:1      | Reached * piety under Trog
   587 | D:1      | Reached ** piety under Trog
   628 | D:1      | Slain by a gnoll

Illustrated notes

Levels and vault maps discovered:
D:1:      wander_arrival_fairy_ring, layout_loops_ring,
          shapermc_ecumenical_altar_petra, minmay_misc_feat_roman

Skill      XL: |  1  2 |
---------------+-------+-----
Shields        | 1 |  1.0
Fighting       | |  3.9
Polearms       | |  3.9
Armour         | |  0.9
Dodging        | |  3.5
Stealth        | |  1.5
Invocations    | |  0.6

Action                   || total
-------------------------++-------
Melee: Spear             ||    69
       Headbutt          ||     8
 Stab: Sleeping          ||     5
Armor: Robe              ||    11
Dodge: Dodged            ||    38
